[Event "*** SCC Grand Prix: Titled Tuesday Blitz"]
[Site "Chess.com"]
[Date "2020.07.21"]
[Round "5"]
[White "monalize"]
[Black "maiconramazzotte99"]
[Result "1-0"]
[WhiteElo "2275"]
[BlackElo "1758"]
[TimeControl "180+1"]
[EndTime "10:55:53 PDT"]
[Termination "monalize won by checkmate"]

1. e4 c5 2. Nf3 d6 3. d4 cxd4 4. Qxd4 Nf6 5. h3 Nc6 6. Qe3 Bd7 7. Be2 e6 8. O-O Be7 9. Rd1 Qc7 10. c4 Rc8 11. Nc3 Nb4 12. Rb1 a6 13. a3 Nc6 14. b4 O-O 15. Bb2 Na7 16. Rbc1 Nc6 17. Rd2 Nd8 18. e5 Ne8 19. exd6 Nxd6 20. c5 Nf5 21. Qe5 Bc6 22. Qxc7 Rxc7 23. Ne5 Bf6 24. Nxc6 Nxc6 25. Na4 Nfd4 26. Bc4 Rd8 27. Rcd1 Nf5 28. Rxd8+ Bxd8 29. Nb6 Bf6 30. Bxf6 gxf6 31. Kf1 Ne5 32. Be2 Kg7 33. f4 Nc6 34. Kf2 Ncd4 35. Bf3 Nxf3 36. Kxf3 e5 37. g4 Nd4+ 38. Ke4 Nc2 39. Rd3 Re7 40. Nd5 Re6 41. f5 Re8 42. Nc7 Rc8 43. Nd5 Ne1 44. Rg3 Rd8 45. g5 fxg5 46. Rxg5+ Kf8 47. f6 Nc2 48. Rg3 Re8 49. Ne7 Rd8 50. Rg8# 1-0

[Event "*** SCC Grand Prix: Titled Tuesday Blitz"]
[Site "Chess.com"]
[Date "2020.07.21"]
[Round "5"]
[White "grandcoach"]
[Black "pedro_nascimento85"]
[Result "1-0"]
[WhiteElo "2130"]
[BlackElo "1926"]
[TimeControl "180+1"]
[EndTime "10:55:53 PDT"]
[Termination "grandcoach won on time"]

1. e4 e6 2. Nf3 d5 3. e5 c5 4. b4 cxb4 5. a3 Nc6 6. axb4 Bxb4 7. c3 Bf8 8. d4 f6 9. Bd3 Qc7 10. O-O fxe5 11. dxe5 Nxe5 12. Nxe5 Qxe5 13. Re1 Qc7 14. Na3 a6 15. Qh5+ Qf7 16. Qxd5 Nf6 17.
Qb3 Bc5 18. Nc4 Ng4 19. Nd6+ Bxd6 20. Qa4+ Bd7 21. Qxg4 O-O 22. Qh4 g6 23. Bh6 Rfc8 24.
Re3 Be7 25. Bg5 Bc5 26. Rf3 Qe8 27. Re1 Bc6 28. Rh3 Qf7 29. Rxe6 Bd7 30. Bxg6 Qxf2+ 31. Qxf2 Bxf2+ 32. Kxf2 Bxe6 33. Bxh7+ Kg7 34. Be3 Rf8+ 35. Ke1 Rae8 36. Bd4+ Kf7 37. Rf3+ Ke7 38. Bc5+ Kd7 39. Rxf8 Rxf8 40. Bxf8 Kc6 41. Be4+ Kc7 42. h4 a5 43. h5 b5 44. h6 1-0

[Event "*** SCC Grand Prix: Titled Tuesday Blitz"]
[Site "Chess.com"]
[Date "2020.07.21"]
[Round "5"]
[White "Sashadav97"]
[Black "BogdanDeac"]
[Result "0-1"]
[WhiteElo "2600"]
[BlackElo "2795"]
[TimeControl "180+1"]
[EndTime "10:55:54 PDT"]
[Termination "BogdanDeac won by resignation"]

1. d4 d5 2. c4 e6 3. Nc3 c6 4. e4 dxe4 5. Nxe4 Bb4+ 6. Bd2 Qxd4 7. Bxb4 Qxe4+ 8. Be2 a5 9. Ba3 Nd7 10. Nf3 c5 11.
Qd6 Ra6 12. Qc7 Ne7 13. Nd2 Qc6 14. Qxc6 Rxc6 15. Bf3 Rc7 16. Ne4 Nf5 17. O-O-O b6 18. Nd6+ Nxd6 19. Rxd6 Bb7 20. Bxb7 Rxb7 21. Rhd1 Ke7 22. b3 Rc8 23. Bb2 f6 24. f4 Nb8 25.
Bc3 Nc6 26. R6d3 Rd8 27. Rxd8 Nxd8 28. Kc2 Rd7 29. Re1 Nc6 30. a3 h5 31. g3 Kf7 32. h3 Ne7 33. g4 hxg4 34. hxg4 Ng6 35. f5 exf5 36. gxf5 Ne7 37. b4 axb4 38. axb4 cxb4 39. Bxb4 Nxf5 40. Kb3 Rc7 41. Bc3 Nd6 42. Bd4 Nxc4 43. Kb4 Ne5 44. Bxe5 fxe5 45. Rxe5 Rc5 46. Re2 g5 0-1

[Event "*** SCC Grand Prix: Titled Tuesday Blitz"]
[Site "Chess.com"]
[Date "2020.07.21"]
[Round "5"]
[White "AnthonyWirig"]
[Black "Jbd735"]
[Result "1-0"]
[WhiteElo "2712"]
[BlackElo "2479"]
[TimeControl "180+1"]
[EndTime "10:55:54 PDT"]
[Termination "AnthonyWirig won by checkmate"]

1. d4 d5 2. Nf3 c6 3. c4 Nf6 4. Qc2 g6 5. g3 Bf5 6. Qb3 Qb6 7. Bg2 Bg7 8. O-O Qxb3 9. axb3 Na6 10. Bd2 Ne4 11.
Ba5 O-O 12. Rc1 g5 13. e3 h6 14. Be1 Rfc8 15. c5 Nc7 16. b4 a6 17. Nbd2 Nxd2 18.
Nxd2 Ne6 19. Nb3 Rc7 20. Bc3 Re8 21. f3 Rd7 22. Na5 Rc7 23. g4 Bg6 24. Be1 Rd7 25. Rd1 Nd8 26. Bc3 Kf8 27. Kf2 Kg8 28. Rd2 f6 29. Rh1 Kf7 30. h4 Rh8 31. h5 Bh7 32. e4 dxe4 33. fxe4 e6 34. d5 cxd5 35. exd5 e5 36. Rhd1 f5 37. c6 bxc6 38. dxc6 Rxd2+ 39. Rxd2 Ke7 40. Rd7+ Kf6 41. Rxg7 Kxg7 42. Bxe5+ Kg8 43. Bxh8 Ne6 44. Bd5 Kxh8 45. Bxe6 Bg8 46. Bxg8 Kxg8 47. c7 fxg4 48. c8=Q+ Kf7 49. Qf5+ Kg7 50. Qg6+ Kf8 51.
Qxh6+ Ke7 52. Qg6 Kd7 53. h6 Kc7 54. Kg3 Kd7 55. h7 Kc7 56. h8=Q Kd7 57. Qhh7+ Kd8 58. Qgg8# 1-0

[Event "*** SCC Grand Prix: Titled Tuesday Blitz"]
[Site "Chess.com"]
[Date "2020.07.21"]
[Round "5"]
[White "chigorin28"]
[Black "alexrustemov"]
[Result "0-1"]
[WhiteElo "2425"]
[BlackElo "2690"]
[TimeControl "180+1"]
[EndTime "10:55:54 PDT"]
[Termination "alexrustemov won on time"]

1. e4 e6 2. d4 d5 3. Bd3 dxe4 4.
Bxe4 Nf6 5. Bf3 c5 6. Ne2 Nc6 7.
Be3 cxd4 8. Nxd4 Ne5 9. O-O Be7 10. Nc3 O-O 11. Be2 Bd7 12. h3 Rc8 13. Nf3 Nc4 14. Bxc4 Rxc4 15. Ne5 Rb4 16. a3 Rxb2 17. Qc1 Rb6 18.
Bxb6 Qxb6 19. Nxd7 Nxd7 20. Rb1 Qc6 21. Ne2 Rc8 22. Rd1 Nc5 23. Qe3 g6 24. Nd4 Qa4 25.
Rb4 Qa6 26. Rbb1 Na4 27. Nb5 Bc5 28. Qb3 Nb6 29. Rd3 Nd5 30. c4 Nb6 31. Rbd1 Be7 32. Rd4 Bf6 33. Rf4 Be5 34. Re4 Bf6 35. Qd3 Rd8 36. Qc2 Rc8 37. Rf4 Kg7 38. Qb3 Qa5 39. Re4 a6 40. Nd6 Rb8 41. Re3 Nd7 42. Qb1 Nc5 43. Rf3 Qc7 44. Rxf6 Kxf6 45. Qa1+ Ke7 46. Qd4 Rd8 47. Qh4+ Kf8 0-1

[Event "*** SCC Grand Prix: Titled Tuesday Blitz"]
[Site "Chess.com"]
[Date "2020.07.21"]
[Round "5"]
[White "ajdemipopushi"]
[Black "LilRag"]
[Result "0-1"]
[WhiteElo "2339"]
[BlackElo "2502"]
[TimeControl "180+1"]
[EndTime "10:55:54 PDT"]
[Termination "LilRag won on time"]

1. Nf3 Nf6 2. g3 g6 3. Bg2 Bg7 4. O-O O-O 5. c4 d5 6. cxd5 Nxd5 7. d4 Nc6 8. e4 Nb6 9. d5 Na5 10. Nc3 c6 11. Re1 Bd7 12. Bg5 Nac4 13. Qe2 h6 14.
Bf4 Rc8 15. Rac1 Re8 16. b3 Na3 17. Red1 cxd5 18. Nxd5 Nxd5 19. exd5 Nb5 20. Rxc8 Qxc8 21. Rc1 Qd8 22. a4 Nd6 23. Qe3 a6 24. Be5 Nf5 25.
Qc3 Qb6 26. Bxg7 Nxg7 27. Qd2 h5 28. Ne5 Qd6 29. Nc4 Qf6 30. d6 exd6 31. Bxb7 Nf5 32. Rd1 Rb8 33. Bxa6 Rxb3 34. Nxd6 Bxa4 35. Ne4 Qe7 36.
Qd8+ Qxd8 37. Rxd8+ Kg7 38. Bc4 Rb1+ 39. Kg2 Bc6 40.
Bd5 Rd1 41. Nc3 Rxd5 42. Nxd5 Ne7 43. f3 Nxd5 44. Rd6 Ne7 45. Kf2 Kf8 46. h3 Ke8 47. g4 hxg4 48. fxg4 Bd7 49. Kg3 Be6 50. h4 Nc8 51. Ra6 Ke7 0-1

[Event "*** SCC Grand Prix: Titled Tuesday Blitz"]
[Site "Chess.com"]
[Date "2020.07.21"]
[Round "5"]
[White "nobodyperfect13"]
[Black "gagtemp"]
[Result "1-0"]
[WhiteElo "2286"]
[BlackElo "1972"]
[TimeControl "180+1"]
[EndTime "10:55:54 PDT"]
[Termination "nobodyperfect13 won on time"]

1. c4 e6 2. Nf3 d5 3. g3 c5 4.
Bg2 Nc6 5. O-O Nf6 6. cxd5 exd5 7. d4 Be7 8. Nc3 O-O 9. Bg5 cxd4 10. Nxd4 h6 11. Be3 Bg4 12. Rc1 Qd7 13. Nxc6 bxc6 14.
Na4 Rfe8 15. Re1 Rac8 16. Nc5 Bxc5 17. Bxc5 Bh3 18. Qa4 Bxg2 19. Kxg2 Ne4 20. Qxa7 Qf5 21. Qa3 Ng5 22. Qd3 Qh3+ 23. Kg1 h5 24. Be3 Ne4 25. f3 Nxg3 26. Bf2 Nf5 27. e4 Nh4 28. Bxh4 Qxh4 29. Qe3 dxe4 30. fxe4 Qf6 31. Rc2 Re5 32. Rg2 Rce8 33.
Rf1 Qe6 34. Qg3 g6 35. Qf3 Rxe4 36. Qxh5 Re5 37. Qh4 Rf5 38. Rgf2 Rxf2 39. Qxf2 Qg4+ 40. Qg2 Qd4+ 41. Kh1 Qd6 42. Qf3 Re7 43. a4 1-0

[Event "*** SCC Grand Prix: Titled Tuesday Blitz"]
[Site "Chess.com"]
[Date "2020.07.21"]
[Round "5"]
[White "Arjun2002"]
[Black "kingofthenil"]
[Result "0-1"]
[WhiteElo "2604"]
[BlackElo "2449"]
[TimeControl "180+1"]
[EndTime "10:55:55 PDT"]
[Termination "kingofthenil won by resignation"]

1. e4 Nc6 2. Nf3 d5 3. exd5 Qxd5 4. Nc3 Qh5 5. Be2 Bg4 6. d3 O-O-O 7. Be3 e5 8. Nd2 Bxe2 9. Qxe2 Qg6 10. Qf3 f5 11. Nb3 Nf6 12. O-O-O Bb4 13. Ne2 Rhe8 14. h3 Kb8 15. a3 Bd6 16. g3 e4 17. dxe4 Ne5 18.
Qxf5 Nxe4 19. Qxg6 Nxg6 20. Rhe1 Ne5 21. Ned4 Nc4 22. Nf5 Be5 23. Rxd8+ Rxd8 24. c3 Nxe3 25. Rxe3 Nxf2 26. Kc2 Bf6 27. g4 g6 28. Nfd4 Bg5 29.
Rf3 Ne4 30. Ne6 Re8 31. Nbd4 c5 32. Kd3 cxd4 33. Ng7 Re7 34. Rf8+ Kc7 35. cxd4 Nd6 36. Rg8 Re3+ 37. Kc2 Kd7 38. Rh8 Bf6 39. Rxh7 Re7 40. Rh6 Rxg7 41. h4 Nf7 42. g5 Nxh6 43. gxh6 Rh7 44. h5 Rxh6 45. hxg6 Rxg6 46. Kd3 Rg4 0-1

[Event "*** SCC Grand Prix: Titled Tuesday Blitz"]
[Site "Chess.com"]
[Date "2020.07.21"]
[Round "5"]
[White "BilguunSu"]
[Black "Orest_Vovk"]
[Result "1-0"]
[WhiteElo "2607"]
[BlackElo "2395"]
[TimeControl "180+1"]
[EndTime "10:55:55 PDT"]
[Termination "BilguunSu won by checkmate"]

1. e4 g5 2. d4 g4 3. h3 d5 4.
e5 c5 5. c3 Nc6 6. hxg4 Qb6 7.
dxc5 Qxc5 8. Be3 Qa5 9. f4 d4 10. Bxd4 Nxd4 11. Qxd4 Bxg4 12. Na3 a6 13. e6 Nf6 14.
exf7+ Kxf7 15. Nc4 Qf5 16. Ne5+ Kg7 17. Bd3 Qe6 18. Nf3 h5 19. Ng5 Qd5 20. Qxd5 Nxd5 21. Nxg4 hxg4 22. Ne6+ Kg8 23. Rxh8+ Kxh8 24. Kf2 Kg8 25.
Bc4 Nb6 26. Nc7+ Nxc4 27. Nxa8 Nxb2 28. Rb1 Nd3+ 29. Ke3 Nc5 30. Nb6 Bg7 31. Nd5 e5 32. f5 Bh6+ 33. Ke2 b5 34. Nf6+ Kf7 35. Nxg4 Bf4 36.
Rh1 Ne4 37. Kd3 Nc5+ 38. Kc2 Kg7 39. Rd1 e4 40. Rd5 Nd3 41. Rd7+ Kf8 42. f6 Ne1+ 43.
Kb3 Nxg2 44. f7 e3 45. Nf6 e2 46. Nh7+ Kg7 47. f8=Q+ Kg6 48. Rg7+ Kh5 49. Qf5+ Kh4 50.
Qg4# 1-0

[Event "*** SCC Grand Prix: Titled Tuesday Blitz"]
[Site "Chess.com"]
[Date "2020.07.21"]
[Round "5"]
[White "QueenOfTactics90"]
[Black "dodorox"]
[Result "0-1"]
[WhiteElo "1990"]
[BlackElo "2143"]
[TimeControl "180+1"]
[EndTime "10:55:56 PDT"]
[Termination "dodorox won by resignation"]

1. e4 e6 2. Qe2 c6 3. g3 d5 4. e5 Bc5 5. Nf3 Ne7 6. Bg2 Bb6 7. O-O O-O 8. d3 c5 9. h4 Nbc6 10. c3 Bc7 11. Bf4 Ng6 12. Bg5 f6 13. exf6 gxf6 14. Bh6 Re8 15. h5 Nge7 16. Nh4 Kh8 17. Nd2 Rg8 18.
Rae1 e5 19. f4 Rxg3 20. fxe5 Nxe5 21. Rxf6 Ng8 22. Rf8 Qxh4 23. Qf2 Bh3 24. Nf3 Rxg2+ 25. Qxg2 Bxg2 26. Nxh4 Rxf8 27. Bxf8 Bh3 28. Re2 Bg4 29. Rg2 Nh6 30. Bxh6 Kg8 31. Bf4 Kf7 32. Bxe5 Bxe5 33. d4 Bh3 34. dxe5 Bxg2 35. Kxg2 Ke6 36. Kf2 Kxe5 37.
Ke3 d4+ 38. Kd3 dxc3 39. Ke3 cxb2 40. Kf3 b1=Q 41. Ke3 Qxa2 42. Kf3 Qa3+ 43. Kg4 Qa4+ 44. Kg5 Qa5 45. Kh6 Qb6+ 46. Kxh7 Qc7+ 47. Kh6 c4 48. Ng6+ Ke4 0-1

[Event "*** SCC Grand Prix: Titled Tuesday Blitz"]
[Site "Chess.com"]
[Date "2020.07.21"]
[Round "5"]
[White "EvgenyT"]
[Black "zaur-mammadov"]
[Result "1-0"]
[WhiteElo "2914"]
[BlackElo "2659"]
[TimeControl "180+1"]
[EndTime "10:55:57 PDT"]
[Termination "EvgenyT won by resignation"]

1. Nf3 d5 2. g3 Nf6 3. Bg2 g6 4. O-O Bg7 5. c4 c6 6. b3 Ne4 7. d4 O-O 8. Bb2 a5 9. Nc3 Nxc3 10. Bxc3 a4 11. e3 axb3 12. axb3 Rxa1 13. Qxa1 Na6 14. Rc1 Qb6 15. Ba5 Qa7 16. Bb4 Re8 17. cxd5 Qb6 18. Ba5 Qxb3 19. Nd2 Qd3 20. dxc6 bxc6 21. Bxc6 Rf8 22.
Be4 Qb5 23. Rb1 Qh5 24. Qa4 Bf5 25. Bxf5 Qxf5 26. Qb5 Qxb5 27. Rxb5 Rb8 28. Rxb8+ Nxb8 29. Kg2 e6 30. Kf3 Nc6 31. Bc3 f5 32. Ke2 Kf7 33. Kd3 g5 34. f3 g4 35. fxg4 fxg4 36. e4 h5 37. d5 exd5 38. exd5 Ne7 39. Bxg7 Kxg7 40.
Ke4 Kf6 41. Nc4 Ng6 42. Kd4 h4 43. Ke4 hxg3 44. hxg3 Ne7 45. Ne3 Kg5 46. d6 Ng8 47. Ke5 Nf6 48. Ke6 Kg6 49. d7 Nxd7 50. Kxd7 Kf6 51.
Kd6 Kg5 52. Ke5 1-0

[Event "*** SCC Grand Prix: Titled Tuesday Blitz"]
[Site "Chess.com"]
[Date "2020.07.21"]
[Round "5"]
[White "AlexVanGog"]
[Black "Duhless"]
[Result "0-1"]
[WhiteElo "2815"]
[BlackElo "2970"]
[TimeControl "180+1"]
[EndTime "10:55:58 PDT"]
[Termination "Duhless won by resignation"]

1. e4 c5 2. Nf3 d6 3. d4 cxd4 4.
Nxd4 Nf6 5. Nc3 Nc6 6. Bg5 Bd7 7. Qd2 a6 8. O-O-O e6 9. f4 Be7 10. Bxf6 Bxf6 11. Nf3 Be7 12. e5 dxe5 13. fxe5 Nxe5 14. Nxe5 Bg5 15. Nxd7 Bxd2+ 16. Rxd2 Qc7 17. Be2 O-O-O 18.
Rhd1 Qxh2 19. Na4 Qxg2 20. Nab6+ Kc7 21. a4 h5 22. a5 h4 23. Rd3 Qg5+ 24. Kb1 Qxa5 25.
Rc3+ Qxc3 26. bxc3 h3 27. Bf3 g5 28. c4 f5 29. c5 g4 30. Bh1 g3 31. Bf3 g2 32. Kb2 Rhg8 33. Re1 g1=Q 34. Rxg1 Rxg1 35. Ne5 h2 36. Nec4 h1=Q 37. Bxh1 Rxh1 38. Kc3 Rh3+ 39.
Kb2 Rh4 40. Ne5 Rb4+ 41. Kc3 Rxb6 42. cxb6+ Kxb6 43. Nf7 Rc8+ 44. Kb3 Kc7 45. Ne5 Rd8 46. Nf3 Rd5 47. c3 Rd3 48. Ng5 Re3 49. Nf7 f4 50. Kc4 f3 51. Ng5 f2 52. Kd4 Re1 0-1

[Event "*** SCC Grand Prix: Titled Tuesday Blitz"]
[Site "Chess.com"]
[Date "2020.07.21"]
[Round "5"]
[White "Ausbildung"]
[Black "Vladislav_Chizhikov"]
[Result "1-0"]
[WhiteElo "2254"]
[BlackElo "2445"]
[TimeControl "180+1"]
[EndTime "10:55:58 PDT"]
[Termination "Ausbildung won on time"]

1. e4 e6 2. d4 d5 3. Bd3 dxe4 4. Bxe4 Nf6 5. Bf3 c5 6. Ne2 Nc6 7. Be3 Qb6 8. b3 Bd7 9. O-O Rc8 10. Na3 cxd4 11.
Nc4 Qa6 12. Nxd4 Nxd4 13. Bxd4 Bb5 14. Be2 Be7 15. Bxf6 gxf6 16. a4 Bxc4 17. Bxc4 Qd6 18. Qh5 a6 19. Rad1 Qe5 20. Qf3 Qc7 21. Rfe1 O-O 22.
Qh5 Kh8 23. Rd3 Qc5 24. Qf3 Rc7 25. Qe4 b5 26. Rh3 f5 27. Qf3 bxc4 28. Qh5 Bh4 29. Rxh4 f6 30. Qh6 Rg8 31. Rxc4 Qe7 32. Rxc7 Qxc7 33.
Qxf6+ Qg7 34. Qxg7+ Kxg7 35. Rxe6 Rd8 36. g3 Rd2 37.
Rc6 a5 38. Rc5 Kf6 39. Rxa5 Rxc2 40. Rb5 f4 41. gxf4 h5 42. Kg2 Rc3 43. a5 h4 44.
h3 Rc1 45. a6 Ra1 46. Rb6+ Kf5 47. b4 Kxf4 48. b5 Ra3 49. Rb7 Ra5 50. a7 Ke4 51.
Rg7 Kf4 52. b6 Ra1 53. Rg4+ Kf5 54. Rxh4 1-0

[Event "*** SCC Grand Prix: Titled Tuesday Blitz"]
[Site "Chess.com"]
[Date "2020.07.21"]
[Round "5"]
[White "dpopadic"]
[Black "knightmare7724"]
[Result "0-1"]
[WhiteElo "2381"]
[BlackElo "2603"]
[TimeControl "180+1"]
[EndTime "10:55:59 PDT"]
[Termination "knightmare7724 won on time"]

1. e4 e5 2. Nf3 Nc6 3. Bb5 a6 4. Ba4 Nf6 5. O-O Be7 6. Re1 b5 7.
Bb3 d6 8. c3 O-O 9. d3 Na5 10.
Bc2 c5 11. h3 Re8 12. Nbd2 Bf8 13. Nf1 Qc7 14. Ng3 g6 15. Be3 h6 16. Nh4 Kh7 17. Qf3 Bg7 18. Rad1 Be6 19. Bb1 Rac8 20. d4 cxd4 21. cxd4 Nc4 22. d5 Nxe3 23. Qxe3 Bd7 24. Rc1 Qb7 25. Nf3 Rxc1 26. Rxc1 Rc8 27. Rc3 b4 28.
Rc1 Bb5 29. Qe1 a5 30. Nd2 Nd7 31. Ngf1 Nc5 32. Ne3 h5 33. Ndc4 Qa6 34. b3 Bh6 35. Rd1 Kg7 36. Kh1 Bg5 37. g3 h4 38. g4 Rb8 39.
Kg2 Bd7 40. Qe2 a4 41. Qb2 Bf4 42. Kg1 axb3 43. axb3 Ra8 44. Ng2 Bg5 45. f4 Bf6 46. g5 Be7 47. fxe5 Bxg5 48. exd6+ Kg8 49. e5 Qa1 50.
Qe2 Qc3 51. e6 fxe6 52. dxe6 Bxe6 0-1

[Event "*** SCC Grand Prix: Titled Tuesday Blitz"]
[Site "Chess.com"]
[Date "2020.07.21"]
[Round "5"]
[White "Sam_ChessMood"]
[Black "Kildepiotr"]
[Result "1/2-1/2"]
[WhiteElo "2803"]
[BlackElo "2617"]
[TimeControl "180+1"]
[EndTime "10:56:01 PDT"]
[Termination "Game drawn by repetition"]

1. e4 g6 2. d4 Bg7 3. Nf3 c6 4.
Nc3 d6 5. Be3 Nf6 6. Qd2 O-O 7.
O-O-O b5 8. Bd3 b4 9. Ne2 Qa5 10. Kb1 Ba6 11. h4 Bxd3 12. cxd3 h5 13. Ng5 Na6 14.
f3 c5 15. d5 Qb5 16. g4 Rfc8 17. Rc1 c4 18. Nd4 Qd7 19. Nc6 c3 20. bxc3 bxc3 21. Rxc3 hxg4 22. f4 Nc7 23. Rhc1 Ncxd5 24. exd5 Nxd5 25.
Nxe7+ Nxe7 26. Rxc8+ Rxc8 27. Rxc8+ Qxc8 28. Ne4 Nd5 29. Bf2 Qb7+ 30. Kc1 Qc6+ 31. Qc2 Qa6 32. Qc4 Qxc4+ 33.
dxc4 Nxf4 34. Bxa7 Be5 35. Kd2 Ne6 36. Be3 g3 37.
Bg1 f5 38. Ng5 Nxg5 39. hxg5 f4 40. Ke2 Kf7 41. Kf3 Ke6 42. a4 Kd7 43. a5 Kc8 44. a6 Kb8 45. Bb6 Ka8 46. Bg1 Kb8 47. Bb6 Ka8 48.
Bg1 Kb8 1/2-1/2

[Event "*** SCC Grand Prix: Titled Tuesday Blitz"]
[Site "Chess.com"]
[Date "2020.07.21"]
[Round "5"]
[White "Chessmasterzt"]
[Black "platy3"]
[Result "0-1"]
[WhiteElo "2587"]
[BlackElo "2763"]
[TimeControl "180+1"]
[EndTime "10:56:01 PDT"]
[Termination "platy3 won on time"]

1. d4 Nf6 2. Nf3 d5 3. c4 e6 4. g3 Be7 5. Bg2 O-O 6. O-O dxc4 7. Qc2 a6 8. a4 Bd7 9. Qxc4 Bc6 10. Bf4 Bd6 11.
Nbd2 a5 12. Bg5 h6 13. Bxf6 Qxf6 14. e4 Qd8 15. Rfd1 Na6 16. Qe2 Nb4 17. Nc4 Be7 18.
b3 b6 19. Rac1 Bb7 20. Nfe5 Bd6 21. Nd3 Be7 22. Nde5 Bg5 23. Rb1 Bf6 24. Rbc1 g6 25. h4 Bg7 26. f4 Qe7 27. Na3 Rad8 28. Nb5 c6 29. Na3 Kh7 30. Nac4 Ba6 31. Qf2 c5 32.
dxc5 bxc5 33. Na3 Bxe5 34. fxe5 Nd3 35. Rxd3 Rxd3 36. Rxc5 Rxb3 37. Nb5 Bxb5 38. axb5 a4 39. Bf1 a3 40. Rc2 Ra8 41. b6 Kg7 42. Rc7 Rb2 43. Qf4 Qe8 44. Qf6+ Kg8 45. b7 Rxb7 46. Rxb7 a2 0-1

[Event "*** SCC Grand Prix: Titled Tuesday Blitz"]
[Site "Chess.com"]
[Date "2020.07.21"]
[Round "5"]
[White "Jaka_Brilej"]
[Black "Margarita2907"]
[Result "1-0"]
[WhiteElo "2357"]
[BlackElo "2093"]
[TimeControl "180+1"]
[EndTime "10:56:01 PDT"]
[Termination "Jaka_Brilej won on time"]

1. e4 c5 2. Nf3 d6 3. d4 cxd4 4. Nxd4 Nf6 5. Nc3 a6 6. f3 e5 7. Nb3 Be7 8. Be3 Be6 9. Qd2 O-O 10. O-O-O Nbd7 11. g4 b5 12. g5 Nh5 13. Rg1 b4 14. Nd5 Bxd5 15. Qxd5 Nb6 16. Qd2 a5 17. Kb1 a4 18. Nc1 Qc7 19. h4 Nc4 20. Bxc4 Qxc4 21. Qd3 Qc7 22. Ne2 Rfb8 23. f4 b3 24. cxb3 axb3 25.
a3 Qc6 26. f5 Rc8 27. Rc1 Qa4 28. Nc3 Qa5 29. Nd5 Bf8 30. Bd2 Rxc1+ 31. Rxc1 Qa7 32. Be3 Qb7 33. Rc7 Qb8 34. Qc4 Ng3 35. Nb6 Ra5 36.
Rc8 Qb7 37. Nd5 Nxe4 38. Nb4 Nc5 39. Re8 Qh1+ 40. Bc1 Qe4+ 41. Qxe4 Nxe4 42. Nc6 Ra6 43. Ne7+ 1-0

[Event "*** SCC Grand Prix: Titled Tuesday Blitz"]
[Site "Chess.com"]
[Date "2020.07.21"]
[Round "5"]
[White "Colchonero64"]
[Black "Alexander_Moskalenko"]
[Result "0-1"]
[WhiteElo "2923"]
[BlackElo "2793"]
[TimeControl "180+1"]
[EndTime "10:56:02 PDT"]
[Termination "Alexander_Moskalenko won by resignation"]

1. c4 e6 2. Nc3 d5 3. d4 c6 4. e3 Nf6 5. Nf3 Nbd7 6. Be2 Bd6 7. O-O O-O 8. a4 a5 9. Qc2 b6 10. e4 dxe4 11. Nxe4 Nxe4 12. Qxe4 Bb7 13. Rd1 Qc7 14. Bd3 g6 15. Qh4 c5 16. Ng5 Nf6 17. Be3 cxd4 18.
Bxd4 Be5 19. Bf1 Bc6 20. b3 Kg7 21. Re1 Bxd4 22. Qxd4 Rad8 23. Qc3 Qe7 24. Rac1 h6 25. Nh3 g5 26. c5 bxc5 27. Qxc5 Qxc5 28. Rxc5 Bd5 29.
Rxa5 Bxb3 30. Bb5 Nd5 31. f3 Ra8 32. Rxa8 Rxa8 33. Ra1 Nc3 34. Ra3 Bxa4 35. Bxa4 Nxa4 36. Nf2 Nb6 37. Rxa8 Nxa8 38. Ne4 f5 39. Nc5 Kf6 40. Kf2 h5 41. g3 Nb6 42. h4 g4 43. Nd3 Nd5 44. f4 Ke7 45. Ne5 Nf6 46. Kg2 Kd6 47.
Ng6 Nd7 48. Kf2 Kc7 49. Ne7 Nf8 50. Ng8 Kd6 51. Nf6 Ke7 52. Nxh5 Kf7 53. Ke3 Kg6 54. Kd4 Nd7 55. Ng7 Kxg7 56. h5 Kh6 0-1

[Event "*** SCC Grand Prix: Titled Tuesday Blitz"]
[Site "Chess.com"]
[Date "2020.07.21"]
[Round "5"]
[White "Tooweak2slow03"]
[Black "Sibelephant"]
[Result "0-1"]
[WhiteElo "2691"]
[BlackElo "3096"]
[TimeControl "180+1"]
[EndTime "10:56:02 PDT"]
[Termination "Sibelephant won by resignation"]

1. e4 e5 2. Nf3 Nc6 3. Nc3 Nf6 4. a3 d6 5. d4 Bg4 6. d5 Nd4 7. Be3 Nxf3+ 8. gxf3 Bd7 9. Rg1 Nh5 10. Qd2 g6 11. O-O-O Bg7 12. Be2 O-O 13. f4 Nxf4 14. Bxf4 exf4 15.
Qxf4 f5 16. Qe3 Qh4 17. Qg3 Qxg3 18. fxg3 Bxc3 19. bxc3 Rae8 20. Kd2 Rxe4 21. Bd3 Re5 22. c4 Kg7 23. Rge1 Kf6 24. Rb1 b6 25. Rf1 Rfe8 26.
Rf2 c6 27. dxc6 Bxc6 28. Rbf1 h5 29. h3 Be4 30. g4 Bxd3 31. cxd3 hxg4 32. hxg4 Rh8 33.
gxf5 Rxf5 34. Rxf5+ gxf5 35. Kc3 Rh4 36. a4 f4 37. Kd4 Kf5 38. Rg1 Rh7 39. Rg8 Rf7 40. Rg1 Rf6 41. Rg7 Ke6 42. Ke4 f3 43. Rg1 f2 44. Rf1 a5 45. d4 d5+ 46. Kd3 Kd6 47.
cxd5 Kxd5 48. Ke3 Rf7 49. Kd3 Rf3+ 50. Ke2 Rf4 51. Ke3 Re4+ 52. Kxf2 Rf4+ 0-1

[Event "*** SCC Grand Prix: Titled Tuesday Blitz"]
[Site "Chess.com"]
[Date "2020.07.21"]
[Round "5"]
[White "Haapana"]
[Black "isainz"]
[Result "0-1"]
[WhiteElo "2324"]
[BlackElo "2139"]
[TimeControl "180+1"]
[EndTime "10:56:02 PDT"]
[Termination "isainz won on time"]

1. d4 Nf6 2. c4 g6 3. Nf3 Bg7 4. g3 O-O 5. Bg2 d6 6. O-O Nbd7 7. Nc3 e5 8. h3 Re8 9. e4 exd4 10. Nxd4 Ne5 11. b3 Rb8 12. Be3 a6 13. Qc2 c5 14.
Nde2 b5 15. cxb5 axb5 16. Rad1 Qc7 17. Nf4 c4 18. Ncd5 Nxd5 19. Nxd5 Qc6 20. b4 Be6 21.
Bd4 Bxd5 22. exd5 Qa6 23. Qc3 Qxa2 24. f4 Ra8 25. Ra1 Qe2 26. Rae1 Qa2 27. fxe5 Ra3 28. Ra1 Rxc3 29. Rxa2 Rxg3 30. Bf2 Rb3 31. exd6 Rxb4 32.
d7 Rd8 33. Ra7 Bf6 34. Re1 Kg7 35. Re8 c3 36. Rxd8 Bxd8 37. Ra2 Rb2 38. Rxb2 cxb2 39. Be4 Kf6 40. Bd4+ Ke7 41. Bxb2 Kxd7 42. Kg2 Kd6 43.
Ba3+ Ke5 44. Bf3 Kd4 45. d6 Bb6 46. d7 Kc4 47. Be7 b4 48. d8=Q Bxd8 49. Bxd8 b3 50.
Be4 Kc3 0-1

[Event "*** SCC Grand Prix: Titled Tuesday Blitz"]
[Site "Chess.com"]
[Date "2020.07.21"]
[Round "5"]
[White "TigrVShlyape"]
[Black "ulises2013"]
[Result "1-0"]
[WhiteElo "2855"]
[BlackElo "2628"]
[TimeControl "180+1"]
[EndTime "10:56:04 PDT"]
[Termination "TigrVShlyape won by resignation"]

1. d4 g6 2. Nf3 Bg7 3. c3 c5 4. e4 cxd4 5. cxd4 d5 6. e5 Bg4 7. Nbd2 e6 8. h3 Bxf3 9. Nxf3 Ne7 10. Bd3 Nbc6 11. O-O O-O 12. Bd2 Nf5 13. Bc3 f6 14. exf6 Qxf6 15. Bxf5 gxf5 16. Qe2 Rae8 17. b4 Ne7 18. b5 Ng6 19. Bb4 Rf7 20. Bd6 Rd7 21.
Be5 Qf8 22. g3 Bxe5 23. Nxe5 Nxe5 24. Qxe5 Qg7 25. Qf4 h6 26. Rac1 Qg5 27. Qe5 Qg7 28. Qf4 Qg5 29. Qf3 Kf7 30. Rfe1 Ree7 31. Qd3 Rc7 32. Rc5 Red7 33. a4 Re7 34. a5 Rcd7 35.
Kg2 Qf6 36. Re5 Rc7 37. Qe3 Rcd7 38. Qc3 Qg5 39. Rc8 Re8 40. b6 a6 41. Rc7 Ree7 42. Re1 Qg7 43. Rc1 Qf8 44. Qe3 Kg6 45. Rxd7 Rxd7 46. Qxe6+ 1-0

[Event "*** SCC Grand Prix: Titled Tuesday Blitz"]
[Site "Chess.com"]
[Date "2020.07.21"]
[Round "5"]
[White "SantoBlue"]
[Black "LyonBeast"]
[Result "0-1"]
[WhiteElo "2729"]
[BlackElo "3012"]
[TimeControl "180+1"]
[EndTime "10:56:05 PDT"]
[Termination "LyonBeast won by resignation"]

1. Nf3 d5 2. c4 c6 3. b3 Nf6 4.
Bb2 g6 5. g3 Bg7 6. Bg2 O-O 7.
O-O a5 8. d3 Na6 9. Nbd2 a4 10.
cxd5 cxd5 11. bxa4 Nc5 12. Bd4 Nxa4 13. Qb3 e6 14.
Rfc1 Ne8 15. Bxg7 Kxg7 16. e4 Nf6 17. e5 Nd7 18. d4 Qa5 19. h4 h6 20. h5 g5 21. Qe3 Qd8 22. Bf1 Ndb6 23. Rab1 Bd7 24. Bd3 Bc6 25. Rb4 Qe7 26. a3 Nd7 27. Bc2 Nab6 28. Rcb1 Nc8 29. Nh2 f5 30. exf6+ Nxf6 31. Qd3 Qf7 32. g4 Nd6 33. Qg3 Nfe4 34. Nxe4 Nxe4 35.
Qe5+ Kg8 36. f3 Nd2 37. R1b2 Nc4 38. Rxc4 dxc4 39. Bg6 Qf6 40. Qc7 Qxd4+ 41. Kh1 Qg7 42. Qb6 Rxa3 43. Re2 Raxf3 44. Nxf3 Bxf3+ 45. Kh2 Bxe2 46. Qxe6+ Kh8 47. Qxe2 c3 48. Bc2 b5 49. Qxb5 Qd4 50.
Qa6 Qf2+ 51. Kh1 Qf1+ 0-1